Map: Blueshift LE

Players

Ariator

  • Race: Zerg Zerg
  • Spawn Location: 1:00

Ibeekilling - Winner!

  • Race: Protoss Protoss
  • League: Platinum
  • Spawn Location: 7:00

VOD

Have the link to the VOD?

Description

Time

  • Played on: Oct. 7, 2018, 2:42 p.m.
  • Length: 5:51
Show
View Real Time Build Order
Export as new Build Order

Ariator Zerg 

Build Orders: Hatch First 

Get SALT Encoding   

  12  0:04  Drone  
  13  0:13  Overlord  
  13  0:21  Overlord  
  13  0:27  Drone  
  14  0:35  Drone  
  15  0:39  Drone  
  16  0:48  Drone  
  17  1:05  Drone  
  17  1:09  Hatchery  
  17  1:11  Drone  
  18  1:24  Spawning Pool  
  17  1:30  Extractor  
  17  1:32  Drone x2  
  18  1:43  Drone  
  19  2:00  Drone  
  20  2:05  Drone  
  21  2:14  Evolution Chamber  
  20  2:23  Extractor  
  20  2:24  Drone x2  
  20  2:26  Queen  
  23  2:31  Drone  
  23  2:34  Queen  
  23  2:37  Drone  
  27  2:42  Drone  
  28  2:47  Drone  
  29  2:55  Zerg Melee Weapons Level 1  
  29  3:02  Metabolic Boost  
  30  3:12  Drone  
  30  3:13  Drone x2  
  30  3:18  Drone x3  
  33  3:36  Zergling x4  
  33  3:38  Zergling x2  
  36  3:42  Overlord  
  36  4:01  Zergling x2  
  37  4:04  Zergling x4  
  39  4:11  Zergling x2  
  39  4:12  Zergling x8  
  44  4:40  Lair  
  44  4:44  Overlord x3  
  40  5:05  Zergling x6  
  36  5:17  Roach Warren  
Show
View Real Time Build Order
Export as new Build Order

Ibeekilling Protoss - Winner!

Build Orders:  

Get SALT Encoding   

  12  0:01  Probe  
  13  0:13  Probe  
  14  0:17  Pylon  
  14  0:25  Probe  
  15  0:37  Probe, Gateway  
  16  0:44  Assimilator  
  16  0:49  Probe  
  17  0:53  Assimilator  
  17  1:01  Probe  
  18  1:08  Gateway  
  18  1:13  Probe  
  20  1:25  Probe  
  20  1:27  Cybernetics Core  
  20  1:33  Warp Gate  
  20  1:35  Zealot  
  20  1:37  Probe  
  23  1:43  Pylon  
  23  2:01  Probe  
  23  2:07  Adept  
  28  2:08  Adept  
  28  2:17  Pylon  
  28  2:20  Gateway  
  28  2:31  Gateway  
  28  2:44  Gateway  
  28  2:46  Adept  
  30  2:52  Adept  
  32  3:00  Pylon  
  32  3:06  Pylon  
  32  3:49  Zealot x3  
  32  3:50  Zealot x2  
  42  3:59  Pylon  
  42  4:11  Sentry x2  
  42  4:13  Stalker  
  42  4:14  Sentry  
  42  4:15  Stalker  
  52  4:35  Zealot x2  
  52  4:36  Zealot  
  52  4:37  Zealot  
  60  4:43  Stalker  
Tags
 
League
Platinum
Matchup
PvZ
Spawn Locations
Cross Positions
Add a new tag
Caveats
  • Supply blocks, unpowered buildings, or Contaminate may cause inaccurate times.
  • Supply counts are checked every 10 seconds.